Map: Lockdown LE

Players

RAVASAUR

  • Race: Protoss Protoss
  • League: Silver
  • Spawn Location: 7:00

GhostRobo - Winner!

  • Race: Terran Terran
  • Spawn Location: 1:00

VOD

Have the link to the VOD?

Description

Time

  • Played on: July 5, 2026, 10:32 a.m.
  • Length: 10:50
Show
View Real Time Build Order
Export as new Build Order

RAVASAUR Protoss 

Build Orders: Oracle Opening 

Get SALT Encoding   

  8  0:02  Probe  
  9  0:14  Probe  
  10  0:28  Pylon  
  10  0:36  Probe  
  11  0:48  Probe  
  12  1:00  Gateway  
  12  1:04  Probe  
  13  1:16  Probe, Assimilator  
  14  1:35  Probe  
  15  1:42  Assimilator  
  15  1:48  Probe (Chrono Boost)  
  16  1:59  Probe (Chrono Boost), Zealot (Chrono Boost)  
  19  2:03  Probe (Chrono Boost)  
  20  2:14  Probe  
  21  2:20  Cybernetics Core  
  21  2:28  Pylon  
  21  2:46  Probe (Chrono Boost)  
  22  2:54  Probe  
  22  3:01  Stalker  
  24  3:06  Probe  
  25  3:12  Stargate  
  25  3:46  Pylon  
  25  3:59  Oracle, Nexus  
  28  4:03  Warp Gate  
  28  4:17  Probe  
  29  4:26  Stalker  
  31  4:32  Pylon  
  31  4:39  Gateway  
  31  4:45  Twilight Council  
  31  4:53  Shield Battery  
  31  5:48  Void Ray  
  35  5:53  Pylon  
  35  6:00  Forge  
  35  6:01  Probe (Chrono Boost)  
  36  6:10  Robotics Facility  
  37  6:11  Probe (Chrono Boost)  
  37  6:13  Gateway  
  37  6:16  Probe (Chrono Boost)  
  37  6:17  Pylon  
  38  6:27  Probe (Chrono Boost)  
  38  6:31  Blink  
  39  6:35  Probe (Chrono Boost)  
  40  6:41  Probe  
  41  6:53  Probe  
  42  7:05  Probe  
  43  7:09  Nexus  
  43  7:17  Warp Prism  
  43  7:18  Probe  
  43  7:22  Stalker  
  48  7:27  Stalker  
  50  7:30  Probe  
  50  7:31  Probe  
  52  7:42  Probe  
  52  7:54  Probe (Chrono Boost)  
  53  8:05  Observer  
  54  8:06  Probe (Chrono Boost)  
  55  8:13  Probe (Chrono Boost)  
  55  8:16  Pylon  
  56  8:20  Probe  
  57  8:32  Probe  
  58  8:46  Stalker  
  58  8:47  Stalker  
  62  8:54  Oracle  
  65  9:03  Probe  
  65  9:04  Pylon  
  63  9:12  Stalker  
  63  9:13  Stalker  
  63  9:15  Probe  
  68  9:26  Assimilator  
  68  9:27  Probe  
  69  9:31  Photon Cannon  
  69  9:39  Probe  
  69  9:42  Stalker x2  
  69  9:44  Photon Cannon, Immortal (Chrono Boost)  
  74  9:50  Void Ray (Chrono Boost)  
  74  9:51  Probe  
  79  9:58  Stalker  
  85  10:02  Shield Battery  
  85  10:08  Shield Battery  
Show
View Real Time Build Order
Export as new Build Order

GhostRobo Terran - Winner!

Build Orders: Reaper Expand 

Get SALT Encoding   

  8  0:01  SCV  
  9  0:13  SCV  
  10  0:25  SCV  
  11  0:29  Supply Depot  
  11  0:37  SCV  
  12  0:53  Barracks  
  12  0:59  Refinery  
  12  1:03  SCV  
  13  1:15  SCV  
  14  1:28  SCV  
  15  1:43  Orbital Command  
  15  1:44  Reaper  
  16  2:21  Marine  
  17  2:23  Command Center  
  17  2:29  Supply Depot  
  17  2:31  SCV  
  18  2:43  SCV  
  19  2:50  Barracks Reactor  
  19  3:13  SCV  
  19  3:19  Factory  
  20  3:25  SCV  
  20  3:26  Refinery  
  21  3:29  Marine  
  21  3:30  Marine  
  21  3:32  Barracks  
  21  3:33  Barracks  
  23  3:37  SCV  
  24  3:47  Marine  
  26  3:49  SCV  
  26  3:53  Orbital Command  
  26  4:01  SCV  
  27  4:03  Factory Tech Lab  
  27  4:04  Marine  
  28  4:12  Supply Depot  
  28  4:13  SCV  
  29  4:21  Starport  
  29  4:25  SCV  
  29  4:26  SCV  
  31  4:33  Siege Tank  
  31  4:37  Barracks Tech Lab  
  34  4:39  Marine  
  34  4:41  Barracks Tech Lab  
  34  4:45  SCV x2  
  37  4:57  SCV  
  38  5:09  Command Center  
  38  5:10  SCV x2  
  34  5:22  SCV  
  34  5:23  Starport Reactor  
  35  5:30  SCV  
  35  5:34  SCV  
  37  5:42  SCV  
  37  5:46  SCV  
  38  5:54  SCV  
  39  5:58  SCV  
  39  6:03  Viking  
  42  6:06  SCV  
  42  6:10  SCV  
  44  6:16  Stimpack  
  44  6:19  SCV, Medivac  
  44  6:21  Marine x4  
  44  6:22  SCV  
  52  6:27  Orbital Command  
  52  6:31  SCV  
  53  6:33  Supply Depot  
  53  6:36  Medivac  
  53  6:37  Combat Shield  
  53  6:39  Marine x3  
  58  6:43  SCV x2  
  60  6:55  SCV x2  
  62  7:11  Marine x4  
  66  7:28  Marine  
  66  7:29  Marine x3  
  70  7:31  Engineering Bay  
  70  7:32  Barracks, Engineering Bay  
  70  7:34  Barracks  
  69  7:46  Marine  
  69  7:49  Viking, Marine  
  69  7:50  Marine x2, Viking  
  71  7:54  SCV  
  70  8:04  Terran Infantry Weapons Level 1, Marine  
  70  8:07  Marine  
  70  8:10  Orbital Command  
  71  8:19  Supply Depot  
  71  8:20  Supply Depot  
  71  8:23  Barracks Reactor  
  71  8:24  Barracks Reactor  
  71  8:35  Supply Depot x2  
  71  8:38  Supply Depot  
  71  8:40  Marine x4, Viking, SCV x2  
  71  8:41  Refinery x2  
  79  8:42  Viking, SCV  
  82  8:52  SCV  
  82  8:54  SCV  
  84  8:58  Marine x4  
  84  9:00  SCV  
  84  9:02  Marine x4  
  91  9:04  SCV  
  91  9:06  SCV  
  95  9:10  Viking  
  95  9:12  Viking, SCV  
  95  9:16  Marine x4  
  95  9:17  SCV  
  105  9:18  SCV  
  105  9:20  Refinery, Marine x4  
  105  9:21  Refinery  
  110  9:24  SCV  
  111  9:36  SCV  
  111  9:48  Supply Depot  
  111  9:49  Supply Depot x2  
  111  9:50  Supply Depot  
  111  10:09  Marine x2, Viking x2, SCV x2  
  111  10:10  Marine x5, SCV  
  111  10:11  Marauder, Siege Tank  
  130  10:22  SCV x3  
  130  10:27  Marine x2  
  130  10:28  Marine x5  
  140  10:31  Marine  
  140  10:32  Armory  
  140  10:34  SCV x2  
  143  10:36  SCV  
Tags
 
Add a new tag
Caveats
  • Supply blocks, unpowered buildings, or Contaminate may cause inaccurate times.
  • Supply counts are checked every 10 seconds.